 Dungeon Crawl Stone Soup version 0.19.0-2-gae57169 (webtiles) character file.

226 exewu the Firebug (level 5, 0/35 HPs)
             Began as a Mummy Fire Elementalist on Nov 6, 2016.
             Was a Follower of Vehumet.
             Slain by magipi's ghost (8 damage)
             ... on level 3 of the Dungeon.
             The game lasted 00:18:54 (3540 turns).

exewu the Firebug (Mummy Fire Elementalist)         Turns: 3540, Time: 00:18:55

Health: 0/35       AC:  3    Str: 11    XL:     5   Next: 69%
Magic:  2/9        EV: 12    Int: 16    God:    Vehumet [*.....]
Gold:   230        SH:  0    Dex: 12    Spells: 3 memorised, 2 levels left

rFire  x x .     SeeInvis .     h - +0 whip
rCold  + + .     Gourm    .     a - +0 robe
rNeg   + + +     Faith    +     (no shield)
rPois  ∞         Spirit   .     (no helmet)
rElec  .         Reflect  .     f - +0 cloak
rCorr  .         Harm     .     (no gloves)
MR     .....                    (no boots)
Stlth  ++........               i - amulet of faith
                                p - ring of flight
                                d - ring of ice

@: very slightly contaminated
A: no food or potions, fire vulnerability, cold resistance 1, negative energy
resistance 3, torment resistance, unbreathing
a: Renounce Religion, Evoke Flight


You were on level 3 of the Dungeon.
You worshipped Vehumet.
Vehumet was aware of your devotion.
You were not hungry.

You visited 1 branch of the dungeon, and saw 3 of its levels.

You collected 230 gold pieces.

Inventory:

Hand Weapons
 h - a +0 whip (weapon)
Missiles
 j - 18 sling bullets
 k - 107 stones (quivered)
 o - 4 poisoned needles
Armour
 a - a +0 robe (worn)
 f - a +0 cloak (worn)
Jewellery
 d - a ring of ice (left hand)
 i - an amulet of faith (around neck)
 p - a ring of flight (right hand)
Wands
 n - a wand of flame (27/48)
Scrolls
 c - 2 scrolls of remove curse
 e - 7 scrolls of identify
 g - a scroll of teleportation
 l - a scroll of noise {unknown}
 m - a scroll of enchant weapon {unknown}
 q - a scroll of fear {unknown}
Books
 b - a book of Flames

   Spells                             Type                      Level
   a - Flame Tongue                   Conjuration/Fire             1
   b - Throw Flame                    Conjuration/Fire             2
   c - Conjure Flame                  Conjuration/Fire             3
   d - Inner Flame                    Hexes/Fire                   3
   e - Sticky Flame                   Conjuration/Fire             4
   f - Fireball                       Conjuration/Fire             5


   Skills:
 - Level 1.5 Dodging
 - Level 1.5 Stealth
 - Level 3.1 Spellcasting
 + Level 3.2 Conjurations
 + Level 3.5 Fire Magic


You had 2 spell levels left.
You knew the following spells:

 Your Spells              Type           Power        Failure   Level  Hunger
a - Flame Tongue          Conj/Fire      ##...        6%          1    N/A
b - Conjure Flame         Conj/Fire      ##......     14%         3    N/A
c - Sticky Flame          Conj/Fire      ##......     50%         4    N/A

Dungeon Overview and Level Annotations

Branches:
Dungeon (3/15)

Altars:
Sif Muna
Vehumet

Annotations:
D:3 magipi's ghost, amateur CeAK


Innate Abilities, Weirdness & Mutations

You do not eat or drink.
Your flesh is vulnerable to fire.
You are immune to poison.
Your flesh is cold resistant. (rC+)
You are immune to negative energy. (rN+++)
You are immune to unholy pain and torment.
You can survive without breathing.


Message History

Magipi's ghost hits you.
Casting: Flame Tongue
Confirm with . or Enter, or press ? or * to list all spells.
Aiming: Flame Tongue
Press: ? - help, Shift-Dir - straight line, f/p - magipi's ghost
Aim: magipi's ghost (severely damaged)
You miscast Flame Tongue.
Nothing appears to happen.
Magipi's ghost barely misses you.
Magipi's ghost sneers, "Where's your god now?"
Magipi's ghost hits you.
Magipi's ghost hits you but does no damage.
Magipi's ghost completely misses you.
You see here a short sword.
Magipi's ghost hits you. Magipi's ghost hits you.
There is an open door here.
Magipi's ghost hits you!
* * * LOW HITPOINT WARNING * * *
Magipi's ghost hits you!
You die...

........# #.....#
#######.#####.....#
###.........#†....##########
........).................>#
###.###.....##'###############
#.# #..#.###...............#
#.# #......#.#############.#
#.# ##...#.#.##### #.#### #.#
##....#.W@..# #..... ###.#
#..#)#.....# ###### ....#
##.#.#.....# ##### #...#.#####
##..#.# ###########..#.#
#............#.#
#............#.#
#..............#############


You could see magipi's ghost.

Vanquished Creatures
  A hound (D:3)
  An orc priest (D:3)
  A bullfrog skeleton (D:3)
  8 adders
  An ooze (D:1)
  A worm (D:3)
  2 dart slugs (D:3)
  A leopard gecko (D:1)
  3 orcs (D:3)
  5 giant cockroaches
  6 goblins
  7 hobgoblins
  3 quokkas
  A ball python (D:1)
  2 bats
  3 frilled lizards
  9 kobolds
  6 rats
61 creatures vanquished.

Notes
Turn   | Place    | Note
-------+----------+-------------------------------------------
     0 | D:1      | exewu the Mummy Fire Elementalist began the quest for the Orb.
     0 | D:1      | Reached XP level 1. HP: 13/13 MP: 3/3
    75 | D:1      | Reached skill level 1 in Conjurations
   430 | D:1      | Reached XP level 2. HP: 19/19 MP: 0/5
  1268 | D:2      | Reached XP level 3. HP: 20/24 MP: 3/6
  1528 | D:2      | Found a radiant altar of Vehumet.
  1534 | D:2      | Became a worshipper of Vehumet
  1881 | D:3      | Found a deep blue altar of Sif Muna.
  1945 | D:3      | Reached XP level 4. HP: 30/30 MP: 3/7
  1955 | D:3      | Learned a level 4 spell: Sticky Flame
  2040 | D:3      | Noticed magipi's ghost (amateur CeAK)
  2725 | D:3      | Reached XP level 5. HP: 20/35 MP: 0/9
  2730 | D:3      | Reached * piety under Vehumet
  2730 | D:3      | Offered knowledge of Magic Dart by Vehumet.
  2735 | D:3      | Learned a level 3 spell: Conjure Flame
  3540 | D:3      | Slain by magipi's ghost

Skill      XL: |  1  2  3  4  5 |
---------------+----------------+-----
Conjurations   | 1 2 3 |  3.2
Fire Magic     | 3 |  3.5
Spellcasting   | 3 |  3.1
Dodging        | |  1.5
Stealth        | |  1.5

Action                   |  1- 3 |  4- 6 || total
-------------------------+-------+-------++-------
Melee: Unarmed           |    21 |       ||    21
       Whip              |    23 |    36 ||    59
Throw: Stone             |       |     1 ||     1
 Cast: Flame Tongue      |    49 |    66 ||   115
       Conjure Flame     |       |     4 ||     4
       Sticky Flame      |       |     1 ||     1
  Use: Scroll            |       |     3 ||     3
 Stab: Sleeping          |     1 |       ||     1
Armor: Robe              |    13 |    17 ||    30
Dodge: Dodged            |    28 |    48 ||    76
